 Dungeon Crawl Stone Soup version 0.31-a0-198-g2ad674f65e (webtiles) character file.

Game seed: 9098109993282150938

52 qw the Shooter (level 3, 0/20 HPs)
             Began as a Deep Elf Hunter on June 25, 2023.
             Succumbed to their own poison gas
             ... on level 2 of the Dungeon.
             The game lasted 00:00:29 (1687 turns).

qw the Shooter (Deep Elf Hunter)                    Turns: 1687, Time: 00:00:30

Health: 0/20       AC:  3    Str: 10    XL:     3   Next: 60%
Magic:  5/5        EV: 12    Int: 13    God:
Gold:   51         SH:  0    Dex: 18    Spells: 2/2 levels left

rFire   . . .        Y - +0 shortbow
rCold   . . .        (shield currently unavailable)
rNeg    . . .        c - +0 leather armour
rPois   .            (no helmet)
rElec   .            (no cloak)
rCorr   .            (no gloves)
SInv    .            (no boots)
Will    .....        (no amulet)
Stlth   ++           (no ring)
HPRegen 0.23/turn    (no ring)
MPRegen 0.09/turn

%: no passive effects
@: lethally poisoned (0 -> -5)
A: no striking features
a: no special abilities


You were on level 2 of the Dungeon.
You visited 1 branch of the dungeon, and saw 2 of its levels.

You collected 51 gold pieces.


   Skills:
 - Level 1.5 Fighting
 + Level 7.1 Ranged Weapons
 - Level 2.4 Dodging
 - Level 1.2 Stealth


You had 2 spell levels left.
You didn't know any spells.
Your spell library was empty.

Inventory:

Hand Weapons
 Y - a +0 shortbow (weapon)
Armour
 c - a +0 leather armour (worn)
Jewellery
 f - a ring of fire
Potions
 b - a potion of berserk rage {unknown}
 e - a potion of curing {unknown}
 h - a potion of mutation {unknown}
 i - a potion of ambrosia {unknown}
 j - a potion of invisibility {unknown}

Dungeon Overview and Level Annotations

Branches:
Dungeon (2/15)

Altars:


Message History

Enter note:
Enter note:
Enter note:
Enter note:
Enter note:
Enter note:
Enter note:
Enter note:
Enter note: Really walk into that cloud of poison gas?
You are engulfed in poison gas.
You are poisoned.
You feel very sick.
Enter note:
Enter note:
Enter note:
Enter note:
Enter note:
Enter note:
Enter note:
Enter note:
Enter note:
Enter note:
Enter note:
Enter note:
Enter note:
Enter note:
Enter note:
Enter note:
Enter note:
Enter note:
1683 ||| Stepping ~*~*~tactically~*~*~ (cloud).
You feel very sick.
There is a lethal amount of poison in your body!
You feel very sick.
There is a lethal amount of poison in your body!
You feel sick.
There is a lethal amount of poison in your body!
You feel sick.
There is a lethal amount of poison in your body!
You die...

###...........##.# #.#
....777777777###.###.###
###.# ##.#######..##.###
#.# #...7#7#7#7.##.###
#.# #.#.........##.###
#.# #.##7#7#7#7###.###
#.# #.########0###.###
#.# #.########0###.###
#.# #.#¤0¤0¤¤0@###.###
#.# #.#.######¤###.###
#.# #.#.######¤###.###
#.# #.#.######¤###.###
#.# #.#.######¤###.###
###.# #...######¤###.###
....###.#......¤¤¤##.###
###.....#.######¤0##.###
........#....###.....###


There were no monsters in sight!

Vanquished Creatures
  An adder (D:2)
  A worm (D:2)
  6 ball pythons
  4 bats (D:1)
  2 endoplasms (D:1)
  3 giant cockroaches
  2 goblins (D:1)
  3 hobgoblins
  4 jackals (D:1)
  A quokka (D:1)
  4 frilled lizards
  5 kobolds
  2 rats (D:1)
38 creatures vanquished.

Notes
Turn   | Place    | Note
-------+----------+-------------------------------------------
     0 | D:1      | qw the Deep Elf Hunter began the quest for the Orb.
     0 | D:1      | Reached XP level 1. HP: 12/12 MP: 3/3
     0 | D:1      | 0 ||| qw: Version: 0.3-a-22-g0ed2b0b
     0 | D:1      | 0 ||| qw: Game counter: 5353
     0 | D:1      | 0 ||| qw: Melee chars always use a shield: true
     0 | D:1      | 0 ||| qw: God list: Okawaru
     0 | D:1      | 0 ||| qw: Allow faded altars: false
     0 | D:1      | 0 ||| qw: Do Orc after clearing Dungeon:15 true
     0 | D:1      | 0 ||| qw: Do second Lair branch before Depths: true
     0 | D:1      | 0 ||| qw: Lair rune preference: random
     0 | D:1      | 0 ||| qw: Goals: Normal
     0 | D:1      | 0 ||| PLANNING D:1-11
   270 | D:1      | Reached XP level 2. HP: 9/16 MP: 4/4
   342 | D:1      | Reached skill level 6 in Ranged Weapons
   870 | D:1      | Reached XP level 3. HP: 20/20 MP: 5/5
  1043 | D:1      | 1043 ||| READING 2 scrolls labelled HILIJ KYXZUTUPT.
  1044 | D:1      | 1044 ||| READING scroll labelled HABBAL ZOAGOG.
  1045 | D:1      | 1045 ||| READING scroll labelled DIYR LYERU.
  1046 | D:1      | 1046 ||| DROPPING scroll of amnesia.
  1047 | D:1      | 1047 ||| DROPPING scroll of butterflies.
  1349 | D:2      | Reached skill level 7 in Ranged Weapons
  1680 | D:2      | 1680 ||| READING scroll labelled VIZ ESUQUMORPHO.
  1681 | D:2      | 1681 ||| READING scroll labelled URROFUEZATT.
  1683 | D:2      | 1683 ||| Stepping ~*~*~tactically~*~*~ (cloud).
  1684 | D:2      | HP: 4/20 [poisoned by you (poison gas)]
  1686 | D:2      | HP: 1/20 [poisoned by you (poison gas)]
  1687 | D:2      | Succumbed to their own poison gas

Levels and vault maps discovered:
D:1:      dpeg_cavernosity, layout_basic
D:2:      layout_loops_ring, serial_forest, infiniplex_forest_straight_3,
          infiniplex_forest_lined_2, infiniplex_forest_clump_diagonal,
          infiniplex_forest_lined_3, infiniplex_forest_lined_ring,
          infiniplex_forest_lined_room_3, infiniplex_forest_straight_2,
          infiniplex_forest_straight_2, infiniplex_forest_lined_room_

Skill      XL: |  1  2  3 |
---------------+----------+-----
Ranged Weapons | 6 7 |  7.1
Fighting       | |  1.5
Dodging        | |  2.4
Stealth        | |  1.2

Action                     || total
---------------------------++-------
   Fire: Shortbow          ||   109
    Use: Scroll            ||     5
 Armour: Leather armour    ||    16
  Dodge: Dodged            ||    42

Table legend:
 A = Non-vault XP
 B = Vault XP
 C = Vault XP percentage of total XP
 D = Non-vault monster count
 E = Vault monster count
 F = Vault count percentage of total count
                 A         B        C        D         E       F
            +---------+---------+-------+---------+---------+-------
      Total |      69 |       6 |   8.0 |      34 |       4 |  10.5
            +---------+---------+-------+---------+---------+-------
        D:1 |      37 |       6 |  14.0 |      22 |       4 |  15.4
        D:2 |      32 |       0 |   0.0 |      12 |       0 |   0.0
            +---------+---------+-------+---------+---------+-------
